 Dungeon Crawl Stone Soup version 0.31-a0-263-ge8cad7f256 (webtiles) character file.

Game seed: 15632241443308282521

267 qw the Shooter (level 6, -1/37 HPs)
             Began as a Gargoyle Hexslinger on July 13, 2023.
             Slain by a black bear (2 damage)
             ... on level 3 of the Dungeon.
             The game lasted 00:00:54 (2079 turns).

qw the Shooter (Gargoyle Hexslinger)                Turns: 2079, Time: 00:00:54

Health: -1/37      AC:  9    Str: 11    XL:     6   Next: 21%
Magic:  7/7        EV: 10    Int: 14    God:
Gold:   182        SH:  0    Dex: 14    Spells: 6/7 levels left

rFire   . . .        Y - +1 sling
rCold   . . .        (no shield)
rNeg    + . .        b - +0 ring mail
rPois   inf          (no helmet)
rElec   +            (no cloak)
rCorr   .            (no gloves)
SInv    .            (no boots)
Will    .....        (no amulet)
Stlth   +            (no ring)
HPRegen 0.26/turn    (no ring)
MPRegen 0.10/turn

%: no passive effects
@: no status effects
A: sickness immunity, AC +4, negative energy resistance 1, electricity
resistance, torment resistance 1, petrification resistance
a: no special abilities


You were on level 3 of the Dungeon.
You visited 1 branch of the dungeon, and saw 3 of its levels.

You collected 182 gold pieces.


Innate Abilities, Weirdness & Mutations

You are immune to sickness and miasma.
Your stone body is resilient. (AC +4)
You are immune to poison.
You resist negative energy. (rN+)
You are resistant to electric shocks. (rElec)
You are resistant to unholy torment.
You are immune to petrification.


   Skills:
 - Level 3.0 Fighting
 + Level 5.5 Ranged Weapons
 - Level 1.1 Armour
 - Level 1.5 Dodging
 - Level 1.0 Spellcasting
 - Level 2.6 Hexes


You had 6 spell levels left.
You knew the following spells:

 Your Spells              Type           Power      Damage    Failure   Level
a - Slow                  Hex            32%        N/A       21%         1

Your spell library contained the following spells:

 Spells                   Type           Power      Damage    Failure   Level
 Inner Flame              Hex/Fire       4%         N/A       71%         3
 Portal Projectile        Hex/Tloc       8%         N/A       71%         3
 Cause Fear               Hex            4%         N/A       90%         4

Inventory:

Hand Weapons
 Y - a +1 sling (weapon)
Armour
 b - a +0 ring mail (worn)
Scrolls
 a - 3 scrolls of identify
 d - a scroll of fog {unknown}
 e - a scroll of immolation {unknown}
 f - 2 scrolls of amnesia {unknown}
 h - a scroll of noise {unknown}
Potions
 c - a potion of curing {unknown}
 g - a potion of invisibility {unknown}
 i - a potion of berserk rage {unknown}

Dungeon Overview and Level Annotations

Branches:
Dungeon (3/15)

Altars:
Trog
Xom
The Shining One

Annotations:
D:2 1 runed translucent door, Crazy Yiuf
D:3 2 transporters, qw's ghost, amateur GrHs


Message History

The black bear goes berserk!
You shoot a sling bullet. The sling bullet hits the black bear.
The black bear is almost dead.
The black bear bites you. The black bear barely misses you.
The black bear claws you but does no damage.
The black bear bites you but does no damage.
The black bear barely misses you. x2
You shoot a sling bullet.
The sling bullet closely misses the black bear.
The black bear bites you! The black bear barely misses you.
The black bear claws you but does no damage.
The black bear barely misses you.
The black bear claws you but does no damage.
The black bear claws you.
You shoot a sling bullet.
The sling bullet closely misses the black bear.
The black bear bites you but does no damage.
The black bear closely misses you. The black bear claws you.
The black bear bites you but does no damage.
The black bear claws you.
The black bear claws you but does no damage.
You shoot a sling bullet.
The sling bullet barely misses the black bear.
The black bear barely misses you.
The black bear claws you but does no damage.
The black bear barely misses you. The black bear bites you.
The black bear claws you but does no damage.
The black bear barely misses you.
You shoot a sling bullet. The sling bullet hits the black bear.
The black bear is almost dead.
The black bear bites you but does no damage.
The black bear closely misses you. The black bear barely misses you.
The black bear bites you.
The black bear claws you but does no damage.
The black bear closely misses you.
You shoot a sling bullet.
The sling bullet barely misses the black bear.
The black bear closely misses you. The black bear claws you.
The black bear barely misses you. The black bear bites you.
You die...

##.############
#.....h@......#
#.............#
.....##.####..##
...####.#.##...##
.. #.....##....#
...##......#..#.#
......._|.......#
....#.....##....#
...#.......#..#.#


You could see a black bear (berserk).

Vanquished Creatures
  Sigmund (D:2)
  2 adders
  A white imp (D:3)
  3 worms
  4 dart slugs
  5 orcs (D:2)
  5 bats
  7 endoplasms
  A giant cockroach (D:1)
  4 goblins
  6 hobgoblins
  8 kobolds
  4 quokkas
  A ball python (D:1)
  2 frilled lizards
  A goblin skeleton (D:3)
  A hobgoblin zombie (D:3)
  A kobold skeleton (D:3)
  A kobold zombie (D:3)
  2 orc skeletons (D:3)
  2 orc zombies (D:3)
  2 rats
64 creatures vanquished.

Notes
Turn   | Place    | Note
-------+----------+-------------------------------------------
     0 | D:1      | qw the Gargoyle Hexslinger began the quest for the Orb.
     0 | D:1      | Reached XP level 1. HP: 12/12 MP: 2/2
     0 | D:1      | 0 ||| qw: Version: 0.3-a-52-g30416fa
     0 | D:1      | 0 ||| qw: Game counter: 7196
     0 | D:1      | 0 ||| qw: Melee chars always use a shield: true
     0 | D:1      | 0 ||| qw: God list: Okawaru
     0 | D:1      | 0 ||| qw: Allow faded altars: false
     0 | D:1      | 0 ||| qw: Do Orc after clearing Dungeon:15 true
     0 | D:1      | 0 ||| qw: Do second Lair branch before Depths: true
     0 | D:1      | 0 ||| qw: Lair rune preference: random
     0 | D:1      | 0 ||| qw: Goals: Normal
     0 | D:1      | 0 ||| PLANNING D:1-11
    66 | D:1      | Reached XP level 2. HP: 12/16 MP: 3/3
   124 | D:1      | Reached skill level 3 in Ranged Weapons
   373 | D:1      | Reached XP level 3. HP: 21/21 MP: 4/4
   660 | D:1      | 660 ||| READING 3 scrolls labelled TEABBUSH VANLI.
   661 | D:1      | 661 ||| READING scroll labelled MAODUIFOAM.
   662 | D:1      | 662 ||| DROPPING scroll of poison.
   674 | D:2      | Found a shimmering altar of Xom.
   687 | D:2      | Noticed Sigmund
   693 | D:2      | Killed Sigmund
   694 | D:2      | Reached skill level 5 in Ranged Weapons
   694 | D:2      | Reached XP level 4. HP: 26/26 MP: 5/5
   694 | D:2      | Reached XP level 5. HP: 30/30 MP: 6/6
   741 | D:2      | Found a runed translucent door.
   742 | D:2      | Noticed Crazy Yiuf
  1288 | D:2      | Found a faded altar of an unknown god.
  1288 | D:2      | Noticed a soul eater
  1413 | D:2      | 1413 ||| READING scroll labelled SIFISKANOE.
  1414 | D:2      | 1414 ||| READING scroll labelled NEETERCH POGRUL.
  1439 | D:3      | 1439 ||| STAIRDANCE
  1545 | D:2      | 1545 ||| UPGRADING to +0 ring mail.
  1555 | D:2      | 1555 ||| DROPPING +0 robe.
  1584 | D:3      | 1584 ||| STAIRDANCE
  1667 | D:3      | Reached XP level 6. HP: 36/36 MP: 7/7
  1809 | D:3      | Reached skill level 1 in Armour
  1879 | D:3      | Found a bloodstained altar of Trog.
  1887 | D:3      | 1887 ||| Stepping ~*~*~tactically~*~*~ (outnumbered).
  1896 | D:3      | Reached skill level 3 in Fighting
  1995 | D:3      | Noticed qw's ghost (amateur GrHs)
  1996 | D:3      | Found a transporter.
  1996 | D:3      | Found a transporter.
  1996 | D:3      | Identified the +7 great mace "Cuiqoox" {vamp, rN+ Str+2}
  2018 | D:3      | Found a glowing golden altar of the Shining One.
  2064 | D:3      | Noticed a black bear
  2076 | D:3      | HP: 7/37 [black bear (4)]
  2077 | D:3      | HP: 3/37 [black bear (4)]
  2079 | D:3      | HP: 1/37 [black bear (2)]
  2079 | D:3      | Slain by a black bear

Levels and vault maps discovered:
D:1:      co_arrival_square_in_a_square_in_a_square, layout_basic
D:2:      layout_loops_ring, dreamdust_ecumenical_altar_sealed_demon,
          basic_altar, minivault_14, minmay_cupped, uniq_sigmund,
          uniq_crazy_yiuf_cottage
D:3:      layout_loops_cross, mainiacjoe_overflow_tiny_flanked,
          nicolae_tso_besieged_by_evil, gammafunk_ghost_smash, minmay_surrounded

Skill      XL: |  1  2  3  4  5  6 |
---------------+-------------------+-----
Ranged Weapons | 3 5 |  5.5
Fighting       | 2 3 |  3.0
Armour         | 1 |  1.1
Dodging        | |  1.5
Spellcasting   | |  1.0
Hexes          | |  2.6

Action                     |  1- 3 |  4- 6 || total
---------------------------+-------+-------++-------
   Fire: Sling             |    58 |   170 ||   228
    Use: Scroll            |     2 |     2 ||     4
 Armour: Robe              |     7 |    13 ||    20
         Ring mail         |       |    39 ||    39
  Dodge: Dodged            |     9 |    62 ||    71

Table legend:
 A = Non-vault XP
 B = Vault XP
 C = Vault XP percentage of total XP
 D = Non-vault monster count
 E = Vault monster count
 F = Vault count percentage of total count
                 A         B        C        D         E       F
            +---------+---------+-------+---------+---------+-------
      Total |     117 |     265 |  69.4 |      48 |      16 |  25.0
            +---------+---------+-------+---------+---------+-------
        D:1 |      41 |       0 |   0.0 |      20 |       0 |   0.0
        D:2 |      37 |     239 |  86.6 |      14 |       4 |  22.2
        D:3 |      39 |      26 |  40.0 |      14 |      12 |  46.2
            +---------+---------+-------+---------+---------+-------
